 Dungeon Crawl Stone Soup version 0.28.0-49-g6dfe1f597d (webtiles) character file.

Game seed: 16879389742399046749

280 Zeld the Ogre Mage (level 6, -8/61 HPs)
             Began as an Ogre Transmuter on May 19, 2022.
             Shot with an arrow by a centaur (13 damage)
             ... on level 5 of the Dungeon.
             The game lasted 00:04:04 (3807 turns).

Zeld the Ogre Mage (Ogre Transmuter)                Turns: 3807, Time: 00:04:06

Health: -8/61      AC:  3    Str: 30    XL:     6   Next: 27%
Magic:  12/12      EV:  9    Int: 13    God:
Gold:   88         SH:  0    Dex:  5    Spells: 3/13 levels left

rFire   . . .      SeeInvis .     - Unarmed
rCold   . . .      Faith    .   (no shield)
rNeg    + . .      Spirit   .   e - +0 robe "Elumpav" {rElec Str+9 Int-3 Dex-4}
rPois   .          Reflect  .   (helmet restricted)
rElec   +          Harm     .   (no cloak)
rCorr   .          Rampage  .   (gloves unavailable)
Will    .....                   (boots unavailable)
Stlth   +.........              (no amulet)
HPRegen 0.20/turn               i - ring "Doliaty" {rN+ Str+4 Int+2}
MPRegen 0.13/turn               (no ring)

@: no status effects
A: large, unfitting armour, tough skin 1
a: no special abilities


You were on level 5 of the Dungeon.
You visited 1 branch of the dungeon, and saw 4 of its levels.

You collected 88 gold pieces.

Inventory:

Armour
 e - the +0 robe "Elumpav" (worn) {rElec Str+9 Int-3 Dex-4}
   (You found it on level 2 of the Dungeon)

   Str:       It affects your strength (+9).
   Int:       It affects your intelligence (-3).
   Dex:       It affects your dexterity (-4).
   rElec:     It insulates you from electricity.
Jewellery
 i - the ring "Doliaty" (left hand) {rN+ Str+4 Int+2}
   (You found it on level 3 of the Dungeon)

   [ring of positive energy]

   Str:       It affects your strength (+4).
   Int:       It affects your intelligence (+2).
   rN:        It protects you from negative energy.
Wands
 j - a wand of flame (11)
Scrolls
 a - a scroll of torment {unknown}
 f - 2 scrolls of identify {unknown}
Potions
 b - a potion of heal wounds {unknown}
 c - 2 potions of brilliance {unknown}
 d - 3 potions of attraction {unknown}
 g - a potion of invisibility {unknown}
 h - a potion of lignification {unknown}


   Skills:
 + Level 3.2 Fighting
 + Level 2.6 Dodging
 - Level 2.6 Unarmed Combat
 * Level 4.3 Spellcasting
 * Level 3.5 Transmutations
 + Level 0.9 Ice Magic
 + Level 0.9 Poison Magic


You had 3 spell levels left.
You knew the following spells:

 Your Spells              Type           Power      Damage    Failure   Level
a - Beastly Appendage     Tmut           22%        N/A       4%          1
b - Wereblood             Tmut           11%        N/A       7%          2
c - Spider Form           Tmut/Pois      8%         N/A       24%         3
d - Ice Form              Ice/Tmut       8%         N/A       63%         4

Your spell library contained the following spells:

 Spells                   Type           Power      Damage    Failure   Level


Dungeon Overview and Level Annotations

Branches:
Dungeon (5/15)
 Temple: D:4-7

Altars:
Dithmenos
Okawaru

Annotations:
D:2 1 runed translucent door, Crazy Yiuf


Innate Abilities, Weirdness & Mutations

You are too large for most types of armour.
You have tough skin. (AC +1)


Message History

The black bear claws you.
You bite the black bear!
The black bear looks as sick as possible!
The black bear is almost dead.
Your transformation is almost over.
You kill the black bear!
You have reached level 6!
You feel stronger.
Found a shadowy altar of Dithmenos.
Your transformation has ended.
The +0 robe "Elumpav" {rElec Str+9 Int-3 Dex-4} unmelds from your body.
There is a shadowy altar of Dithmenos here. 3 gnolls and an adder come into view.
The gnoll shouts! x3; The adder hisses angrily.
You hear a shout!
A gnoll shaman comes into view. It is wielding a +0 club.
The adder bites you.
You are poisoned.
The adder poisons you!
You closely miss the adder.
You feel sick. The adder bites you but does no damage.
The gnoll hits you with a +0 club. The gnoll barely misses you.
The adder closely misses you.
You feel sick.
The gnoll hits you from afar with a +0 spear!
You feel sick.
You feel sick.
You feel sick.
You feel sick.
You are no longer poisoned.
The gnoll barely misses you.
A centaur comes into view.
The centaur shouts!
The centaur wields a +0 shortbow.
The centaur shoots an arrow.
The arrow hits you!
The centaur shoots an arrow.
The arrow hits you!
* * * LOW HITPOINT WARNING * * *
The centaur shoots an arrow.
The arrow hits you.
* * * LOW HITPOINT WARNING * * *
The centaur shoots an arrow.
The arrow barely misses you.
The centaur shoots an arrow.
The arrow hits you!
You die...

....#.# .#.. ....#.#
#.....# #####.# #
..#.#.#. #.#
#.#####....... #####.#
..... ....+ .)....#
#########...#
#########...........#+###
..........#####.........#
#####..#### ##@.......#
.......# #........#
..+....## #g.......#
..#.....# #S.#.#...#
#######h# #.#c§.#.....
#.# ###g#§#§##### #.#
#.§§._§§§.
#.#######S#.#§#§#.
#.#.....gg##§S§##


You could see a centaur, 2 gnolls and an adder.

Vanquished Creatures
  A black bear (D:5)
  A centaur skeleton (D:5)
  Terence (D:2)
  Robin (D:2)
  A gnoll (D:1)
  3 adders
  2 worms
  3 dart slugs
  10 ball pythons
  8 endoplasms
  2 giant cockroaches
  15 goblins
  4 hobgoblins
  3 jackals (D:3)
  3 kobolds
  3 quokkas
  6 bats
  5 rats
72 creatures vanquished.

Notes
Turn   | Place    | Note
-------+----------+-------------------------------------------
     0 | D:1      | Zeld the Ogre Transmuter began the quest for the Orb.
     0 | D:1      | Reached XP level 1. HP: 19/19 MP: 3/3
   293 | D:1      | Reached XP level 2. HP: 24/25 MP: 3/5
   304 | D:1      | Learned a level 2 spell: Wereblood
   760 | D:1      | Reached skill level 3 in Spellcasting
   760 | D:1      | Reached XP level 3. HP: 31/35 MP: 4/7
   764 | D:1      | Learned a level 3 spell: Spider Form
   866 | D:1      | Found a faded altar of an unknown god.
  1588 | D:2      | Noticed Robin
  1610 | D:2      | Reached XP level 4. HP: 42/44 MP: 6/9
  1636 | D:2      | Killed Robin
  2110 | D:2      | Noticed Terence
  2123 | D:2      | Killed Terence
  2273 | D:2      | Reached XP level 5. HP: 27/52 MP: 10/10
  2485 | D:2      | Learned a level 4 spell: Ice Form
  2620 | D:2      | Identified the +0 robe "Elumpav" {rElec Str+9 Int-3 Dex-4}
  2821 | D:2      | Found a runed translucent door.
  2831 | D:2      | Noticed Crazy Yiuf
  3213 | D:3      | Identified the ring "Doliaty" {rN+ Str+4 Int+2}
  3275 | D:3      | Found an iron altar of Okawaru.
  3612 | D:3      | You fall into a shaft and drop 2 floors!
  3612 | D:5      | Entered Level 5 of the Dungeon
  3625 | D:5      | Reached skill level 4 in Spellcasting
  3760 | D:5      | Noticed a black bear
  3781 | D:5      | Killed a black bear
  3782 | D:5      | Reached XP level 6. HP: 48/61 MP: 8/12
  3784 | D:5      | Found a shadowy altar of Dithmenos.
  3807 | D:5      | Shot with an arrow by a centaur

Illustrated notes

Levels and vault maps discovered:
D:1:      amcnicky_arrival_feature_with_door, layout_rooms,
          nicolae_ecumenical_snake_handling
D:2:      layout_loops_ring, uniq_robin, uniq_terence, uniq_crazy_yiuf_cottage
D:3:      layout_loops_ring, okawaru_metal_pillars_1_2, st_stairs_5,
          item_on_display_a
D:5:      layout_gridville, amcnicky_altar_gilded,
          grunt_dithmenos_smoke_and_mirrors, serial_co_window_serial,
          co_window_paths_b, co_window_cross_1, co_window_cross_1,
          co_window_paths_a, co_window_corner_a, co_window_corner_a,
          co_window_paths_a, co_window_broadway_a, co_window_corner_cb,
          co_window_2corner, co_window_unsneaky_path_d, co_window_2corner,
          co_window_unsneaky_path_b, glass_columns_a, glass_columns_a,
          glass_columns_a, enter_ossuary_2, uniq_eustachio, uniq_grinder,
          uniq_menkaure

Skill      XL: |  1  2  3  4  5 |
---------------+----------------+-----
Transmutations | 2 3 |  3.5
Fighting       | 2 3 |  3.2
Dodging        | 2 |  2.6
Spellcasting   | 3 4 |  4.3
Unarmed Combat | |  2.6
Ice Magic      | |  0.9
Poison Magic   | |  0.9

Action                   |  1- 3 |  4- 6 || total
-------------------------+-------+-------++-------
Melee: Unarmed           |   109 |   110 ||   219
       Headbutt          |    11 |     9 ||    20
       Punch             |     3 |     1 ||     4
       Kick              |    14 |    17 ||    31
 Cast: Beastly Appendage |    18 |    21 ||    39
       Wereblood         |     1 |       ||     1
       Spider Form       |       |     2 ||     2
 Stab: Sleeping          |       |     1 ||     1
Armor: Robe              |    38 |    30 ||    68
Dodge: Dodged            |    58 |    69 ||   127
